 Dungeon Crawl Stone Soup version 0.22-a0-284-g99d1f74 (webtiles) character file.

84 Amnesiac the Ducker (level 4, 0/23 HPs)
             Began as a Spriggan Fighter on Mar 21, 2018.
             Succumbed to a worker ant's poison
             ... on level 4 of the Dungeon.
             The game lasted 00:02:18 (1146 turns).

Amnesiac the Ducker (Spriggan Fighter)              Turns: 1146, Time: 00:02:19

Health: 0/23       AC:  2    Str: 13    XL:     4   Next: 23%
Magic:  5/5        EV: 20    Int:  9    God:
Gold:   14         SH:  6    Dex: 15    Spells: 3/3 levels left

rFire    . . .     SeeInvis +   a - +0 long sword
rCold    . . .     Gourm    .   c - +0 buckler
rNeg     + . .     Faith    .   b - +0 robe
rPois    .         Spirit   .   (helmet restricted)
rElec    .         Reflect  .   (no cloak)
rCorr    .         Harm     .   (gloves unavailable)
MR       .....                  (boots unavailable)
Stlth    +.........             (no amulet)
HPRegen  0.07/turn              j - ring of positive energy
MPRegen  0.09/turn              (no ring)

@: lethally poisoned (0 -> -13), very quick
A: very small, unfitting armour, see invisible, herbivore, speed 3, slow
metabolism 2
a: no special abilities


You were on level 4 of the Dungeon.
You were not hungry.

You visited 2 branches of the dungeon, and saw 5 of its levels.

You collected 14 gold pieces.

Inventory:

Hand Weapons
 a - a +0 long sword (weapon)
Missiles
 i - 4 curare-tipped needles
Armour
 b - a +0 robe (worn)
 c - a +0 buckler (worn)
Jewellery
 j - a ring of positive energy (left hand)
Scrolls
 e - 3 scrolls of identify {!r}
 g - 2 scrolls of remove curse {!r, unknown}
Potions
 d - a potion of might {!q}
Comestibles
 f - 3 rations


   Skills:
 + Level 2.8 Fighting
 * Level 2.6 Long Blades
 + Level 5.1 Dodging
 + Level 2.5 Shields


You had 3 spell levels left.
You didn't know any spells.

Dungeon Overview and Level Annotations

Branches:
Dungeon (4/15)             Temple (1/1) D:4

Altars:
Ashenzari
Cheibriados
Dithmenos
Elyvilon
Fedhas
Gozag
Hepliaklqana
Kikubaaqudgha
Makhleb
Nemelex Xobeh
Okawaru
Qazlal
Ru
Sif Muna
Trog
Vehumet
Wu Jian
Xom
Yredelemnul
Zin
The Shining One


Innate Abilities, Weirdness & Mutations

You are very small and have problems with some larger weapons.
You are too small for most types of armour.
You have supernaturally acute eyesight. (SInv)
You are a herbivore.
You cover ground extremely quickly.
You need to consume almost no food.


Message History

You hit the orc.
You kill the orc!
You see here a falchion.
g - 2 scrolls labeled GOKIKL UCHOTA {!r} (gained 1)
A worker ant comes into view.
A worker ant is nearby!
A worker ant is nearby!
You see here a falchion.
The worker ant twitches its antennae in your direction.
You aren't carrying any items that you can evoke.
The worker ant closely misses you.
You closely miss the worker ant. You block the worker ant's attack.
You hit the worker ant.
The worker ant is moderately wounded.
You block the worker ant's attack. The worker ant misses you.
You hit the worker ant.
The worker ant is heavily wounded.
The worker ant bites you but does no damage.
The worker ant bites you.
You are poisoned.
The worker ant poisons you!
You hit the worker ant but do no damage.
The worker ant is heavily wounded.
You feel sick. The worker ant misses you.
You hit the worker ant.
The worker ant is heavily wounded.
The worker ant bites you.
You are lethally poisoned!
The worker ant poisons you! You block the worker ant's attack.
You closely miss the worker ant.
The worker ant is heavily wounded.
You feel sick. The worker ant closely misses you.
You hit the worker ant.
The worker ant is almost dead.
You feel sick. You block the worker ant's attack.
The worker ant closely misses you.
You closely miss the worker ant.
The worker ant is almost dead.
* * * LOW HITPOINT WARNING * * *
You feel sick. The worker ant misses you.
You barely miss the worker ant.
The worker ant is almost dead.
* * * LOW HITPOINT WARNING * * *
You feel sick. The worker ant bites you.
* * * LOW HITPOINT WARNING * * *
You are more poisoned.
The worker ant poisons you! You block the worker ant's attack.
You slash the worker ant!
You kill the worker ant!
You have reached level 4!
* * * LOW HITPOINT WARNING * * *
You feel sick.
Okay, then.
* * * LOW HITPOINT WARNING * * *
You feel sick.
* * * LOW HITPOINT WARNING * * *
You feel sick.
* * * LOW HITPOINT WARNING * * *
You feel sick.
* * * LOW HITPOINT WARNING * * *
You feel sick.
* * * LOW HITPOINT WARNING * * *
You feel sick.
You die...

.....# .....# .....#
.....# .....# .....#
############ .....#
######...........
.....###................
#.####..........@.......
#.##..........#########.
. #.#........#### .
#.(.)....### #........#
#........# #.#.....##
#.##....# #..###..# ##


There were no monsters in sight!

Vanquished Creatures
  2 worker ants (D:4)
  An adder (D:3)
  A dart slug (D:1)
  2 orcs
  2 bats
  A giant cockroach (D:4)
  4 goblins
  2 hobgoblins
  4 jackals (D:3)
  2 kobolds (D:3)
  2 rats
23 creatures vanquished.

Notes
Turn   | Place    | Note
-------+----------+-------------------------------------------
     0 | D:1      | Amnesiac the Spriggan Fighter began the quest for the Orb.
     0 | D:1      | Reached XP level 1. HP: 11/11 MP: 2/2
   232 | D:2      | Reached XP level 2. HP: 15/16 MP: 3/3
   529 | D:3      | Reached XP level 3. HP: 10/19 MP: 4/4
   789 | D:4      | Found a shattered altar of Ashenzari.
   850 | D:4      | Noticed a scorpion
   856 | D:4      | Found a staircase to the Ecumenical Temple.
   873 | Temple   | Entered the Ecumenical Temple
   960 | D:4      | Reached skill level 5 in Dodging
  1138 | D:4      | Reached XP level 4. HP: 7/23 MP: 5/5
  1145 | D:4      | HP: 1/23 [poisoned by a worker ant]
  1146 | D:4      | Succumbed to a worker ant's poison

Vault maps used:
D:1:      shiori_arrival_maze
D:3:      kennysheep_generic_room_9
D:4:      kennysheep_spiral_hall, temple_pool_b, first_ration,
          cheibrodos_sewer_entry_drain, grunt_decor_fettered,
          nicolae_ashenzari_panopticon
Temple:   kilobyte_greek_temple

Skill      XL: |  1  2  3 |
---------------+----------+-----
Long Blades    | 2 |  2.6
Dodging        | 5 |  5.1
Fighting       | |  2.8
Shields        | |  2.5

Action                   |  1- 3 |  4- 6 || total
-------------------------+-------+-------++-------
Melee: Long sword        |    89 |       ||    89
  Use: Potion            |     2 |       ||     2
       Scroll            |     1 |       ||     1
 Stab: Sleeping          |     2 |       ||     2
Armor: Robe              |     5 |       ||     5
Dodge: Dodged            |    83 |       ||    83
Block: Buckler           |    23 |       ||    23
       Rpst.: Long sword |    18 |       ||    18

Table legend:
 A = Spawn XP
 B = Non-spawn XP
 C = Spawn XP percentage of total XP
 D = Spawn monster count
 E = Non-spawn monster count
 F = Spawn count percentage of total count
 G = Total turns spent on level
                    A         B        C        D         E        F      G
               +---------+---------+-------+---------+---------+-------+---------
         Total |       0 |     120 |   0.0 |       0 |      23 |   0.0 |  1146
               +---------+---------+-------+---------+---------+-------+---------
           D:1 |       0 |       4 |   0.0 |       0 |       1 |   0.0 |    25
           D:2 |       0 |      11 |   0.0 |       0 |       6 |   0.0 |   219
           D:3 |       0 |      33 |   0.0 |       0 |      12 |   0.0 |   491
           D:4 |       0 |      72 |   0.0 |       0 |       4 |   0.0 |   332
               +---------+---------+-------+---------+---------+-------+---------
